 Dungeon Crawl Stone Soup version 0.23.0-3-gf3c87f2 (webtiles) character file.

Game seed: 1969464171587673174

20514 skk the Cleaver (level 12, -3/93 HPs)
             Began as a Demonspawn Fighter on Feb 24, 2019.
             Was the Champion of Okawaru.
             Killed by divine providence
             ... invoked by an orc priest
              (17 damage)
             ... on level 2 of the Orcish Mines.
             The game lasted 00:32:36 (14023 turns).

skk the Cleaver (Demonspawn Fighter)               Turns: 14023, Time: 00:32:36

Health: -3/93      AC: 16    Str: 22    XL:     12   Next: 46%
Magic:  18/18      EV: 18    Int: 10    God:    Okawaru [******]
Gold:   1804       SH: 11    Dex: 17    Spells: 11/11 levels left

rFire    + + .     SeeInvis .   p - +2 broad axe of Prudence {venom, rPois rF+}
rCold    + . .     Gourm    .   c - +0 shield
rNeg     . . .     Faith    .   H - +2 ring mail {rPois}
rPois    +         Spirit   .   (no helmet)
rElec    .         Reflect  .   y - +2 cloak
rCorr    .         Harm     .   (no gloves)
MR       +....                  r - +0 pair of boots
Stlth    +++.......             (no amulet)
HPRegen  0.25/turn              O - ring of protection from fire
MPRegen  0.16/turn              m - ring of protection from magic

@: agile, berserk cooldown, slowed, very slow
A: thin metallic scales 2, cold resistance 1, foul stench 2, powered by pain 2,
rot immunity
a: Heroism, Finesse, Renounce Religion


You were on level 2 of the Orcish Mines.
You worshipped Okawaru.
Okawaru was exalted by your worship.
You were not hungry.

You visited 4 branches of the dungeon, and saw 15 of its levels.
You also visited: Ossuary.

You collected 2051 gold pieces.
You spent 247 gold pieces at shops.

Inventory:

Hand Weapons
 a - a +0 trident
 g - a +3 war axe of electrocution
 p - the +2 broad axe of Prudence (weapon) {venom, rPois rF+}
   (Okawaru gifted it to you on level 2 of the Orcish Mines)

   It poisons the flesh of those it strikes.
   It protects you from fire.
   It protects you from poison.
Armour
 c - a +0 shield (worn)
 r - a +0 pair of boots (worn)
 y - a +2 cloak (worn)
 H - a +2 ring mail of poison resistance (worn)
Jewellery
 j - the ring of Nar Mul {MP+9 SInv}
   (You found it on level 5 of the Dungeon)

   [ring of see invisible]

   It affects your magic capacity (+9).
   It lets you see invisible.
 m - a ring of protection from magic (right hand)
 M - an uncursed ring of poison resistance
 O - a ring of protection from fire (left hand)
Wands
 h - a wand of digging (4)
 n - a wand of polymorph (5)
 G - a wand of flame (7)
 N - a wand of iceblast (9)
Scrolls
 b - 2 scrolls of enchant weapon
 d - a scroll of fog
 e - 3 scrolls of remove curse
 s - 3 scrolls of enchant armour
 w - 2 scrolls of teleportation
 L - a scroll of noise
 P - 3 scrolls of magic mapping
Potions
 i - 2 potions of cancellation {unknown}
 k - 5 potions of flight
 l - a potion of magic {unknown}
 o - 10 potions of curing
 t - a potion of berserk rage
 u - 2 potions of might
 v - a potion of ambrosia
 x - 3 potions of brilliance
 z - 2 potions of agility
 A - a potion of heal wounds
 B - 2 potions of invisibility
 C - a potion of resistance
 D - a potion of haste
 E - 3 potions of mutation
Comestibles
 f - 23 rations


   Skills:
 + Level 8.2 Fighting
 + Level 11.8(12.1) Axes
 + Level 4.1(8.8) Polearms
 + Level 6.6 Armour
 + Level 5.2 Dodging
 + Level 2.7 Stealth
 + Level 7.5 Shields
 * Level 8.8 Invocations
 - Level 1.5 Evocations


You had 11 spell levels left.
You didn't know any spells.
Your spell library contained the following spells:

 Spells                   Type           Power        Failure   Level  Hunger
 Confusing Touch          Hex            #.....       83%         1    ##.....
 Shock                    Conj/Air       #...         83%         1    ##.....
 Swiftness                Chrm/Air       #.......     92%         2    ###....
 Confuse                  Hex            #.......     99%         3    ####...
 Gell's Gravitas          Tloc           #.........   99%         3    ####...
 Static Discharge         Conj/Air       #.......     99%         3    ####...
 Airstrike                Air            #.........   100%        4    #####..
 Petrify                  Tmut/Erth      #.......     100%        4    #####..
 Lightning Bolt           Conj/Air       #.........   100%        5    ######.
 Metabolic Englaciation   Hex/Ice        #.........   100%        5    ######.
 Yara's Violent Unravell  Hex/Tmut       #.........   100%        5    ######.


Dungeon Overview and Level Annotations

Branches:
Dungeon (10/15)            Temple (1/1) D:6            Lair (2/6) D:9
    Orc (2/2) D:10            Elf (0/3) Orc:2
  Swamp: Lair:2-4    Shoals: Lair:2-4     Snake: Lair:2-4    Spider: Lair:2-4

Altars:
Ashenzari
Cheibriados
Dithmenos
Elyvilon
Fedhas
Gozag
Hepliaklqana
Kikubaaqudgha
Makhleb
Nemelex Xobeh
Okawaru
Qazlal
Ru
Sif Muna
Trog
Uskayaw
Vehumet
Wu Jian
Xom
Yredelemnul
Zin
The Shining One
Beogh

Shops:
D:5 }   Orc:1 *

Annotations:
D:6 2 transporters, Lavandula's ghost, novice TrWn
Lair:2 Fannar


Innate Abilities, Weirdness & Mutations

You are mostly covered in thin metallic scales. (AC +3)
Your flesh is cold resistant. (rC+)
You frequently emit foul miasma when damaged in melee.
You sometimes gain power by taking damage.
You are immune to rotting.


Message History

Unknown command.
You slash the orc knight!
The orc knight looks as sick as possible!
The orc knight is almost dead.
You barely miss the orc priest.
You kill the orc knight!
Okawaru is honoured by your kill.
The orc priest hits you but does no damage.
You slice the orc priest!!
You kill the orc priest!
Okawaru accepts your kill.
You feel a strong urge to attack something.
An orc priest comes into view. It is wielding a +0 whip.
You are no longer berserk.
You are exhausted.
You feel yourself slow down.
The orc priest shouts!
The orc priest calls down the wrath of Beogh upon you.
Beogh smites you!
You die...

###ooo###### ..
#...# .o#
######...######
....#..............
....#..............
#.o.o.......§......
.........§§§§§.....
........§§§§§§§.⌠..
#......@§§§§)§.....
##......§§§§§§.....
##.#...§§§§§§.....
# #...§§..§......
######...######
#...# #...# .....
.....


You could see an orc priest, an orc wizard and an orc.

Vanquished Creatures
  An orc warlord (Orc:2)
  Harold (D:7)
  4 two-headed ogres
  2 orc high priests (Orc:2)
  Pikel (D:5)
  2 orc sorcerers (Orc:2)
  An oklob plant (Lair:1)
  4 orc knights (Orc:2)
  A komodo dragon (D:9)
  3 trolls
  A hippogriff (D:9)
  3 blink frogs (Lair:1)
  Sigmund (D:5)
  4 yaks (Lair:1)
  A hungry ghost (D:8)
  Edmund (D:4)
  Duvessa (D:5)
  3 wargs
  A water moccasin (Lair:1)
  4 black bears
  3 ice beasts
  23 orc warriors
  3 slaves (D:5)
  A porcupine (Lair:1)
  2 sky beasts
  6 ogres
  3 wolves (Lair:1)
  A phantom (D:7)
  2 centaurs
  4 crocodiles
  A big kobold (D:8)
  4 bullfrogs
  Dowan (D:5)
  3 scorpions
  12 killer bees
  5 wights (D:10)
  3 howler monkeys
  5 crimson imps
  A bullfrog zombie (D:8)
  A centaur zombie (D:7)
  A quasit (D:8)
  6 hounds
  16 orc priests
  Crazy Yiuf (D:4)
  3 bullfrog skeletons
  5 jellies
  22 orc wizards
  A centaur skeleton (D:8)
  Natasha (thrice) (D:2)
  An iguana (D:8)
  8 worker ants
  8 mummies (Ossuary)
  2 howler monkey skeletons
  4 gnolls (D:5)
  14 adders
  An ufetubus (D:4)
  15 oozes (Lair:1)
  An adder skeleton (D:4)
  6 worms
  2 dart slugs
  8 leopard geckos
  72 orcs
  8 bats
  2 giant cockroaches
  7 goblins
  7 hobgoblins
  6 jackals
  11 kobolds
  2 quokkas (D:3)
  2 ball pythons
  10 frilled lizards
  2 kobold zombies (Ossuary)
  6 orc zombies (Ossuary)
  8 rats
  A fire vortex (Orc:1)
  3 fungi
  A plant (D:9)
400 creatures vanquished.

Vanquished Creatures (others)
  2 orc wizards
  An orc (Orc:2)
  2 fungi (Lair:1)
  3 plants (D:9)
8 creatures vanquished.

Grand Total: 408 creatures vanquished

Notes
Turn   | Place    | Note
-------+----------+-------------------------------------------
     0 | D:1      | skk the Demonspawn Fighter began the quest for the Orb.
     0 | D:1      | Reached XP level 1. HP: 18/18 MP: 1/1
    52 | D:1      | Found a sparkling altar of Nemelex Xobeh.
   134 | D:1      | Gained mutation: You are immune to rotting. [demonic
                  | ancestry]
   134 | D:1      | Reached XP level 2. HP: 23/24 MP: 2/2
   537 | D:1      | Gained mutation: You may emit foul miasma when damaged in
                  | melee. [demonic ancestry]
   537 | D:1      | Reached XP level 3. HP: 17/29 MP: 3/3
  1177 | D:2      | Found a sacrificial altar of Ru.
  1198 | D:2      | Gained mutation: You frequently emit foul miasma when
                  | damaged in melee. [demonic ancestry]
  1198 | D:2      | Reached XP level 4. HP: 25/35 MP: 4/4
  1198 | D:2      | Noticed Natasha
  1218 | D:2      | Killed Natasha
  1254 | D:2      | Noticed Natasha
  1259 | D:2      | Killed Natasha
  1259 | D:2      | Reached XP level 5. HP: 30/41 MP: 5/5
  1313 | D:2      | Noticed Natasha
  1567 | D:2      | Killed Natasha
  1947 | D:3      | Found a stormy altar of Qazlal.
  2528 | D:4      | Noticed Edmund
  2545 | D:4      | Killed Edmund
  2545 | D:4      | Reached skill level 1 in Axes
  2545 | D:4      | Reached skill level 1 in Dodging
  2545 | D:4      | Gained mutation: You are partially covered in thin metallic
                  | scales. (AC +2) [demonic ancestry]
  2545 | D:4      | Reached XP level 6. HP: 23/48 MP: 6/6
  2846 | D:4      | Noticed Grinder
  2847 | D:4      | Noticed Grinder
  2847 | D:4      | Grinder changed into Grinder the ufetubus
  2850 | D:4      | Killed Grinder the ufetubus
  3186 | D:4      | Found a runed translucent door.
  3187 | D:4      | Noticed Crazy Yiuf
  3193 | D:4      | Killed Crazy Yiuf
  3193 | D:4      | Reached XP level 7. HP: 51/53 MP: 7/7
  3220 | D:5      | Entered Level 5 of the Dungeon
  3307 | D:5      | Reached skill level 2 in Axes
  3348 | D:5      | Found Jiag's Gadget Shop.
  3352 | D:5      | Noticed Duvessa
  3352 | D:5      | Noticed Dowan
  3367 | D:5      | Killed Duvessa
  3426 | D:5      | Found a sand-covered staircase.
  3430 | Ossuary  | Entered an ossuary
  3447 | Ossuary  | Reached skill level 3 in Axes
  3785 | D:5      | Killed Dowan
  4122 | D:5      | Noticed Pikel
  4136 | D:5      | Killed Pikel
  4136 | D:5      | Reached skill level 4 in Axes
  4136 | D:5      | Gained mutation: You sometimes gain a little power by
                  | taking damage. [demonic ancestry]
  4136 | D:5      | Reached XP level 8. HP: 20/61 MP: 8/8
  4241 | D:5      | Reached skill level 5 in Fighting
  4254 | D:5      | Identified a scroll of acquirement
  4255 | D:5      | Got a crude demon trident
  4256 | D:5      | Identified the +1 demon trident of the Shoals {drain,
                  | *Drain +Rage rN+ Str+8} (You acquired it on level 5 of the
                  | Dungeon)
  4581 | D:5      | Noticed Sigmund
  4594 | D:5      | Killed Sigmund
  4594 | D:5      | Reached skill level 5 in Axes
  4594 | D:5      | Reached skill level 5 in Shields
  4627 | D:5      | Found a basalt altar of Yredelemnul.
  5316 | D:6      | Noticed a hornet
  5327 | D:6      | Noticed Lavandula's ghost (novice TrWn)
  5332 | D:6      | Found a transporter.
  5336 | D:6      | Found a transporter.
  5558 | D:6      | Found a bloodstained altar of Trog.
  5563 | D:6      | Found a hazy altar of Hepliaklqana.
  5563 | D:6      | Found a glowing golden altar of the Shining One.
  5656 | D:6      | Found a staircase to the Ecumenical Temple.
  5732 | Temple   | Entered the Ecumenical Temple
  5800 | Temple   | Became a worshipper of Warmaster Okawaru
  5956 | D:6      | Found a deep blue altar of Sif Muna.
  5972 | D:6      | Reached skill level 1 in Stealth
  6139 | D:7      | Reached skill level 5 in Armour
  6188 | D:7      | Gained mutation: You sometimes gain power by taking damage.
                  | [demonic ancestry]
  6188 | D:7      | Reached XP level 9. HP: 49/68 MP: 9/9
  6492 | D:7      | Reached skill level 6 in Axes
  6693 | D:7      | Noticed Harold
  6711 | D:7      | Killed Harold
  6711 | D:7      | Reached * piety under Okawaru
  6711 | D:7      | Reached skill level 1 in Evocations
  6801 | D:7      | Reached skill level 7 in Axes
  6892 | D:8      | Found an ornate altar of the Wu Jian Council.
  6986 | D:8      | Reached ** piety under Okawaru
  7285 | D:8      | Gained mutation: You are mostly covered in thin metallic
                  | scales. (AC +3) [demonic ancestry]
  7285 | D:8      | Reached XP level 10. HP: 69/76 MP: 11/11
  7591 | D:8      | Reached skill level 1 in Invocations
  7760 | D:9      | Reached skill level 8 in Axes
  7781 | D:9      | Noticed a two-headed ogre
  7791 | D:9      | Killed a two-headed ogre
  7791 | D:9      | Reached *** piety under Okawaru
  7793 | D:9      | Noticed a two-headed ogre
  7795 | D:9      | Noticed a two-headed ogre
  7802 | D:9      | Killed a two-headed ogre
  7808 | D:9      | Killed a two-headed ogre
  7808 | D:9      | Reached **** piety under Okawaru
  7808 | D:9      | Reached skill level 9 in Axes
  8048 | D:9      | Found a bloodstained altar of Trog.
  8078 | D:9      | Reached skill level 5 in Invocations
  8201 | D:9      | Found a staircase to the Lair.
  8416 | D:9      | Reached XP level 11. HP: 78/83 MP: 13/15
  8855 | D:10     | Entered Level 10 of the Dungeon
  9078 | D:10     | Noticed a two-headed ogre
  9082 | D:10     | Killed a two-headed ogre
  9082 | D:10     | Reached ***** piety under Okawaru
  9456 | D:10     | Found a staircase to the Orcish Mines.
  9466 | D:10     | Received a gift from Okawaru
  9862 | D:5      | Got a translucent granite ring
  9871 | D:5      | Identified the ring of Nar Mul {MP+9 SInv} (You found it on
                  | level 5 of the Dungeon)
 10017 | Lair:1   | Entered Level 1 of the Lair of Beasts
 10062 | Lair:1   | Reached skill level 10 in Axes
 10547 | Lair:1   | Noticed an oklob plant
 10903 | Lair:1   | Killed an oklob plant
 11434 | Lair:2   | Noticed a catoblepas
 11434 | Lair:2   | Noticed Fannar
 11584 | Orc:1    | Entered Level 1 of the Orcish Mines
 11634 | Orc:1    | Found Nibb's Assorted Antiques.
 11681 | Orc:1    | Bought a jewelled helmet for 247 gold pieces
 11686 | Orc:1    | Identified the +2 helmet of the Hot Ocelot {MR- Int+5} (You
                  | bought it in a shop on level 1 of the Orcish Mines)
 11735 | Orc:1    | You fall through a shaft!
 11735 | Orc:2    | Entered Level 2 of the Orcish Mines
 11736 | Orc:2    | Noticed an orc sorcerer
 11739 | Orc:2    | Noticed an orc high priest
 11739 | Orc:2    | Noticed an orc knight
 11741 | Orc:2    | Noticed an orc sorcerer
 11742 | Orc:2    | Noticed an orc knight
 11743 | Orc:2    | Noticed an orc warlord
 11743 | Orc:2    | Noticed an orc knight
 11744 | Orc:2    | Noticed an orc high priest
 12295 | Orc:1    | Received a gift from Okawaru
 12543 | Orc:1    | Found a roughly hewn altar of Beogh.
 12595 | Orc:2    | Noticed an orc sorcerer
 12602 | Orc:2    | Noticed a sixfirhy
 12608 | Orc:2    | Killed an orc sorcerer
 12608 | Orc:2    | Received a gift from Okawaru
 12611 | Orc:2    | Got a scorched broad axe {god gift}
 12621 | Orc:1    | Identified the +2 broad axe of Prudence {venom, rPois rF+}
                  | (Okawaru gifted it to you on level 2 of the Orcish Mines)
 13008 | Orc:2    | Noticed an orc knight
 13020 | Orc:2    | Killed an orc knight
 13020 | Orc:2    | Reached skill level 11 in Axes
 13020 | Orc:2    | Reached skill level 5 in Dodging
 13023 | Orc:2    | Gained mutation: Your flesh is cold resistant. (rC+)
                  | [demonic ancestry]
 13023 | Orc:2    | Reached XP level 12. HP: 46/92 MP: 17/17
 13701 | Orc:2    | Found a staircase to the Elven Halls.
 13797 | Orc:2    | Killed an orc warlord
 13970 | Orc:2    | Killed an orc high priest
 14006 | Orc:2    | Noticed an orc high priest
 14015 | Orc:2    | Killed an orc high priest
 14018 | Orc:2    | Reached ****** piety under Okawaru
 14023 | Orc:2    | Killed from afar by an orc priest

Skill      XL: |  1  2  3  4  5  6  7  8  9 10 11 12 |
---------------+-------------------------------------+-----
Shields        | 3 4 5 6 7 |  7.5
Polearms       | 2 3 4 |  4.1
Armour         | 3 4 5 6 |  6.6
Axes           | 1 4 5 7 9 11 | 11.8
Dodging        | 1 2 3 4 5 |  5.2
Fighting       | 4 5 6 7 8 |  8.2
Stealth        | 1 2 |  2.7
Evocations     | 1 |  1.5
Invocations    | 5 7 8 |  8.8

Action                   |  1- 3 |  4- 6 |  7- 9 | 10-12 || total
-------------------------+-------+-------+-------+-------++-------
Melee: Trident           |   151 |    85 |     6 |       ||   242
       War axe           |       |    96 |   286 |   403 ||   785
       Unarmed           |       |     4 |       |       ||     4
       Broad axe         |       |       |       |   140 ||   140
Invok: Heroism           |       |       |       |     8 ||     8
Evoke: Wand              |       |     1 |    12 |    22 ||    35
  Use: Potion            |       |     5 |       |     9 ||    14
       Scroll            |       |     7 |     6 |    15 ||    28
 Stab: Sleeping          |       |       |     2 |       ||     2
  Eat: Chunk             |     1 |     7 |     8 |    16 ||    32
       Ration            |       |       |     3 |     2 ||     5
Armor: Ring mail         |    42 |    65 |   119 |   145 ||   371
Dodge: Dodged            |    43 |    49 |   140 |   219 ||   451
Block: Shield            |    59 |    66 |   180 |   263 ||   568
